 Dungeon Crawl Stone Soup version 0.29.1-2-gbd0b4ee654 (webtiles) character file.

Game seed: 13421479941069836143

71 qeuew the Sneak (level 4, 0/25 HPs)
             Began as a Spriggan Enchanter on Nov 11, 2022.
             Constricted to death by a ball python (1 damage)
             ... on level 2 of the Dungeon.
             The game lasted 00:02:39 (1974 turns).

qeuew the Sneak (Spriggan Enchanter)                Turns: 1974, Time: 00:02:40

Health: 0/25       AC:  2    Str:  4    XL:     4   Next: 5%
Magic:  4/10       EV: 15    Int: 16    God:
Gold:   49         SH:  0    Dex: 17    Spells: 7/9 levels left

rFire   . . .      SeeInvis +   a - +1 dagger
rCold   + . .      Faith    .   (no shield)
rNeg    . . .      Spirit   .   f - +1 robe {rC+}
rPois   .          Reflect  .   (helmet restricted)
rElec   .          Harm     .   (no cloak)
rCorr   .          Rampage  .   (gloves unavailable)
Will    .....                   (boots unavailable)
Stlth   +++.......              (no amulet)
HPRegen 0.08/turn               (no ring)
MPRegen 0.12/turn               (no ring)

@: very slightly contaminated, constricted, very quick
A: very small, no large weapons, unfitting armour, see invisible, speed 3,
deformed body, robust 2, inability to drink after injury 1
a: no special abilities


You were on level 2 of the Dungeon.
You visited 1 branch of the dungeon, and saw 2 of its levels.

You collected 49 gold pieces.

Inventory:

Hand Weapons
 a - a +1 dagger (weapon)
Armour
 f - a +1 robe of cold resistance (worn)
Scrolls
 e - a scroll of summoning {unknown}
Potions
 c - 2 potions of invisibility
 d - a potion of ambrosia
 j - a potion of curing


   Skills:
 + Level 2.1 Short Blades
 + Level 3.5 Dodging
 + Level 5.1 Stealth
 + Level 3.4 Spellcasting
 + Level 4.2 Hexes


You had 7 spell levels left.
You knew the following spells:

 Your Spells              Type           Power      Damage    Failure   Level
a - Ensorcelled Hibernat  Hex/Ice        18%        N/A       12%         2

Your spell library contained the following spells:

 Spells                   Type           Power      Damage    Failure   Level
 Confusing Touch          Hex            16%        N/A       10%         3
 Tukima's Dance           Hex            16%        N/A       10%         3
 Dazzling Flash           Conj/Hex       18%        N/A       22%         3


Dungeon Overview and Level Annotations

Branches:
Dungeon (2/15)

Altars:


Innate Abilities, Weirdness & Mutations

You are very small and have problems with some larger weapons.
You are too small for most types of armour.
You have supernaturally acute eyesight. (SInv)
You cover ground extremely quickly. (Speed+++)
Armour fits poorly on your strangely shaped body.
You are very robust. (+20% HP)
You occasionally lose the ability to drink potions when taking damage.


Message History

Natasha growls.
Natasha barely misses you. The goblin hits you with a +0 dagger.
The crimson imp hits you. The ball python bites you.
The ball python constricts you.
Aiming: Ensorcelled Hibernation (safe; 12% risk of failure)
Press: ? - help, Q - select action Shift-Dir - straight line, f - Natasha
Aim: Natasha, carrying a wand of quicksilver (13) (moderately wounded, chance to affect: 43%)
You miscast Ensorcelled Hibernation.
You are very lightly contaminated with residual magic.
Nothing appears to happen.
Natasha completely misses you. The goblin closely misses you.
The ball python closely misses you. The ball python constricts you.
The crimson imp closely misses you.
Aiming: Ensorcelled Hibernation (safe; 12% risk of failure)
Press: ? - help, Q - select action Shift-Dir - straight line, f/p - Natasha
Aim: Natasha, carrying a wand of quicksilver (13) (moderately wounded, chance to affect: 43%) Natasha resists with some effort.
Natasha claws you. The goblin hits you with a +0 dagger.
* * * LOW HITPOINT WARNING * * *
The ball python bites you but does no damage.
The ball python constricts you. The crimson imp hits you.
* * * LOW HITPOINT WARNING * * *
Aiming: Ensorcelled Hibernation (safe; 12% risk of failure)
Press: ? - help, Q - select action Shift-Dir - straight line, f/p - Natasha
Aim: Natasha, carrying a wand of quicksilver (13) (moderately wounded, chance to affect: 43%) Natasha looks drowsy...
The ball python misses you. The ball python constricts you.
* * * LOW HITPOINT WARNING * * *
The goblin hits you with a +0 dagger.
* * * LOW HITPOINT WARNING * * *
The crimson imp hits you.
* * * LOW HITPOINT WARNING * * *
The helpless Natasha fails to defend herself.
You impale Natasha!!
You kill Natasha!
Natasha yowls pathetically as she dies!
The crimson imp disappears in a puff of smoke!
The ball python bites you but does no damage.
The ball python constricts you.
You die...

###############...............#
#...............#
###.####........# #.#
#####....# #.# #....#
####.###### #....#
#...........#....#
#..ยง........#....#
#..@........######
#...gS....... #...r........
#....####+##. #....# #....#
#....# #....#


You could see a goblin, a ball python and a rat.

Vanquished Creatures
  Terence (D:2)
  Natasha (D:2)
  4 dart slugs (D:1)
  5 ball pythons
  2 bats (D:1)
  5 endoplasms (D:1)
  2 giant cockroaches
  3 goblins (D:1)
  2 hobgoblins (D:1)
  2 kobolds (D:1)
  A quokka (D:1)
  3 frilled lizards
  5 rats
36 creatures vanquished.

Notes
Turn   | Place    | Note
-------+----------+-------------------------------------------
     0 | D:1      | qeuew the Spriggan Enchanter began the quest for the Orb.
     0 | D:1      | Reached XP level 1. HP: 9/9 MP: 5/5
    82 | D:1      | Reached XP level 2. HP: 13/13 MP: 6/6
    85 | D:1      | Learned a level 2 spell: Ensorcelled Hibernation
   606 | D:1      | You fall into a shaft and drop 1 floor!
   743 | D:1      | Reached XP level 3. HP: 16/16 MP: 8/8
  1610 | D:1      | Gained mutation: You are robust. (+10% HP) [potion of
                  | mutation]
  1610 | D:1      | Gained mutation: Armour fits poorly on your strangely
                  | shaped body. [potion of mutation]
  1610 | D:1      | Gained mutation: You occasionally lose the ability to drink
                  | potions when taking damage. [potion of mutation]
  1610 | D:1      | Gained mutation: You are very robust. (+20% HP) [potion of
                  | mutation]
  1685 | D:2      | Noticed Terence
  1694 | D:2      | Killed Terence
  1695 | D:2      | Reached skill level 5 in Stealth
  1845 | D:2      | Reached XP level 4. HP: 25/25 MP: 10/10
  1960 | D:2      | Noticed Natasha
  1973 | D:2      | HP: 1/25 [crimson imp[Natasha] (2)]
  1974 | D:2      | Killed Natasha
  1974 | D:2      | Constricted to death by a ball python

Illustrated notes

Levels and vault maps discovered:
D:1:      dpeg_arrival_oval, layout_basic
D:2:      layout_basic, basic_ecumenical_altar, kennysheep_generic_room_12,
          uniq_terence, uniq_natasha, uniq_sigmund, uniq_crazy_yiuf_cottage

Skill      XL: |  1  2  3 |
---------------+----------+-----
Dodging        | 3 |  3.5
Spellcasting   | 3 |  3.4
Hexes          | 4 |  4.2
Short Blades   | 2 |  2.1
Stealth        | 5 |  5.1

Action                   |  1- 3 |  4- 6 || total
-------------------------+-------+-------++-------
Melee: Dagger            |    82 |    18 ||   100
 Cast: Ensorcelled Hiber |     7 |     2 ||     9
  Use: Scroll            |     5 |       ||     5
       Potion            |     4 |       ||     4
 Stab: Sleeping          |    16 |     1 ||    17
Armor: Robe              |     4 |     5 ||     9
Dodge: Dodged            |    64 |    26 ||    90
